Map: Odyssey LE

Players

FLORENCIO - Winner!

  • Race: Protoss Protoss
  • League: Diamond
  • Spawn Location: 5:00

이태원프리덤

  • Race: Terran Terran
  • League: Diamond
  • Spawn Location: 11:00

VOD

Have the link to the VOD?

Description

Time

  • Played on: Dec. 29, 2017, 6:11 p.m.
  • Length: 15:44
Show
View Real Time Build Order
Export as new Build Order

FLORENCIO Protoss - Winner!

Build Orders:  

Get SALT Encoding   

  12  0:00  Probe  
  13  0:12  Probe  
  14  0:30  Probe (Chrono Boost), Pylon  
  15  0:46  Probe  
  16  0:50  Forge  
  16  0:58  Probe (Chrono Boost)  
  17  1:09  Probe (Chrono Boost)  
  18  1:11  Pylon  
  18  1:32  Photon Cannon  
  18  1:33  Photon Cannon  
  18  1:36  Gateway  
  18  1:46  Pylon  
  18  2:03  Pylon  
  18  2:05  Pylon  
  17  2:23  Zealot (Chrono Boost)  
  19  2:33  Photon Cannon  
  19  2:34  Photon Cannon  
  19  2:36  Pylon  
  19  2:37  Assimilator  
  19  2:40  Assimilator  
  19  2:48  Zealot  
  21  2:55  Probe  
  21  2:58  Cybernetics Core  
  22  3:03  Photon Cannon  
  22  3:19  Gateway  
  22  3:31  Probe  
  23  3:43  Probe (Chrono Boost)  
  23  3:55  Probe (Chrono Boost)  
  23  3:56  Robotics Facility  
  23  4:06  Adept  
  25  4:10  Probe (Chrono Boost)  
  26  4:26  Shield Battery  
  26  4:34  Shield Battery  
  26  4:45  Immortal  
  30  4:48  Stargate  
  30  5:13  Pylon  
  30  5:24  Immortal  
  34  5:35  Void Ray (Chrono Boost)  
  38  6:02  Shield Battery  
  38  6:03  Immortal  
  37  6:53  Pylon  
  37  6:54  Pylon  
  37  7:01  Immortal  
  37  7:02  Void Ray (Chrono Boost)  
  37  7:08  Nexus  
  37  7:18  Fleet Beacon  
  37  8:00  Tempest (Chrono Boost)  
  39  8:18  Immortal  
  35  8:26  Probe  
  36  8:35  Assimilator  
  36  8:38  Assimilator, Probe  
  37  9:01  Tempest  
  39  9:43  Tempest (Chrono Boost)  
  41  10:03  Immortal  
  45  10:23  Tempest (Chrono Boost)  
  51  10:42  Immortal  
  55  11:10  Tempest  
  53  11:54  Tempest  
  53  12:02  Immortal  
  51  12:40  Tempest (Chrono Boost)  
  57  12:45  Immortal  
  62  13:13  Probe (Chrono Boost)  
  63  13:21  Probe (Chrono Boost)  
  63  13:22  Probe (Chrono Boost)  
  64  13:27  Probe  
  61  13:47  Warp Prism  
  69  14:01  Tempest (Chrono Boost)  
  68  14:03  Probe  
  69  14:16  Probe  
  68  14:53  Stargate  
Show
View Real Time Build Order
Export as new Build Order

이태원프리덤 Terran 

Build Orders: MMM Bio 

Get SALT Encoding   

  12  0:00  SCV  
  13  0:12  SCV  
  14  0:20  Supply Depot  
  14  0:25  SCV  
  15  0:42  SCV  
  16  0:45  Barracks  
  16  0:54  SCV  
  17  1:06  SCV  
  18  1:19  Supply Depot  
  18  1:32  Barracks  
  18  1:35  Marine  
  19  1:41  Bunker  
  19  1:53  Marine  
  17  2:11  Marine  
  18  2:16  Orbital Command  
  18  2:22  Marine  
  19  2:28  Marine  
  20  2:43  SCV  
  21  2:50  Marine  
  21  2:51  Marine  
  23  2:52  Refinery  
  23  2:53  Refinery  
  23  2:55  SCV  
  24  3:10  Marine x2  
  24  3:44  SCV  
  25  3:56  SCV  
  25  3:58  Command Center  
  25  3:59  Marine x2  
  28  4:04  Factory  
  28  4:08  SCV  
  29  4:19  Supply Depot x2  
  29  4:20  SCV  
  30  4:27  Barracks Tech Lab x2  
  30  4:32  SCV  
  31  4:44  SCV  
  32  4:45  Concussive Shells, Stimpack  
  32  4:47  Factory Tech Lab  
  32  4:52  Engineering Bay  
  32  4:56  SCV  
  33  5:00  Marauder  
  33  5:01  Marauder  
  37  5:08  SCV  
  37  5:10  Siege Tank  
  41  5:14  Orbital Command  
  41  5:42  Siege Tank  
  44  5:46  Supply Depot  
  44  5:55  SCV  
  45  6:12  SCV  
  45  6:14  Siege Tank  
  43  6:43  Marine  
  43  6:54  Armory  
  43  7:01  Marine, Barracks  
  42  7:04  Barracks  
  42  7:11  Bunker  
  42  7:13  Bunker  
  42  7:18  Starport  
  42  7:19  Marine  
  42  7:20  Combat Shields  
  43  7:38  Marine  
  44  7:55  Marine  
  45  8:05  Marine x2  
  47  8:07  Medivac  
  47  8:09  SCV x2  
  51  8:13  Marine  
  49  8:21  SCV  
  50  8:32  Marauder, Marine x2  
  54  8:40  Medivac  
  50  8:53  Marauder  
  52  8:57  Thor  
  54  9:19  SCV  
  54  9:25  Marine  
  54  9:27  Supply Depot x2  
  54  9:46  Factory Tech Lab  
  54  9:49  SCV, Medivac, Marine  
  57  9:55  Barracks  
  55  10:01  SCV  
  55  10:05  Thor  
  57  10:15  Marine x3  
  57  10:19  Medivac  
  60  10:33  Marine x3  
  58  10:51  Marine x3  
  57  11:09  Marine x3, Orbital Command  
  54  11:26  Marine  
  54  11:27  Thor, Marine x2  
  56  11:44  Marine x2  
  56  11:45  Marine  
  55  12:02  Marine x3  
  58  12:08  Medivac  
  58  12:10  Marine  
  61  12:20  Marine x3  
  59  12:38  Siege Tank  
  59  12:42  Marine x2, Orbital Command  
  51  13:06  Marine x4  
  55  13:24  Marine x2  
  55  13:44  SCV x2  
  55  13:47  Marine x2  
  59  13:56  SCV  
  49  14:22  Marauder, Marine x2  
  52  14:44  Orbital Command  
  42  15:15  Marine  
Tags
 
Composition
MMM Bio
Matchup
PvT
Spawn Locations
Cross Positions
Add a new tag
Caveats
  • Supply blocks, unpowered buildings, or Contaminate may cause inaccurate times.
  • Supply counts are checked every 10 seconds.